 Dungeon Crawl Stone Soup version 0.29-a0-322-g68df515428 (webtiles) character file.

Game seed: 4484390562187415371

341 zishaf the Shooter (level 6, 0/48 HPs)
             Began as a Human Hunter on Apr 8, 2022.
             Slain by a steam dragon (2 damage)
             ... on level 4 of the Dungeon.
             The game lasted 00:06:55 (3910 turns).

zishaf the Shooter (Human Hunter)                   Turns: 3910, Time: 00:06:56

Health: 0/48       AC: 10    Str: 11    XL:     6   Next: 87%
Magic:  6/6        EV: 11    Int: 16    God:
Gold:   210        SH:  0    Dex: 18    Spells: 5/5 levels left

rFire   . . .      SeeInvis .   a - +1 shortbow
rCold   . . .      Faith    .   (shield currently unavailable)
rNeg    . . .      Spirit   .   h - +0 ring mail
rPois   .          Reflect  .   e - +0 helmet
rElec   .          Harm     .   l - +0 cloak
rCorr   .          Rampage  .   r - +1 pair of gloves
Will    .....                   o - +0 pair of boots
Stlth   +.........              (no amulet)
HPRegen 0.16/turn               n - +6 ring of intelligence
MPRegen 0.10/turn               (no ring)

@: no status effects
A: no striking features
a: no special abilities


You were on level 4 of the Dungeon.
You visited 1 branch of the dungeon, and saw 6 of its levels.

You collected 210 gold pieces.

Inventory:

Hand Weapons
 a - a +1 shortbow (weapon)
Missiles
 g - 3 poisoned darts
Armour
 b - a +0 leather armour
 e - a +0 helmet (worn)
 h - a +0 ring mail (worn)
 l - a +0 cloak (worn)
 o - a +0 pair of boots (worn)
 r - a +1 pair of gloves (worn)
Jewellery
 n - a +6 ring of intelligence (left hand)
 p - a +4 ring of protection
Wands
 k - a wand of iceblast (5)
Scrolls
 c - 2 scrolls of immolation
 f - a scroll of teleportation
 i - 2 scrolls of torment {unknown}
 q - a scroll of fog {unknown}
 t - a scroll of vulnerability {unknown}
Potions
 d - 2 potions of invisibility {unknown}
 j - 2 potions of curing {unknown}
 m - a potion of lignification {unknown}
 s - a potion of brilliance {unknown}


   Skills:
 + Level 3.9 Fighting
 * Level 6.4 Bows
 - Level 2.0 Armour
 - Level 2.0 Dodging
 - Level 1.0 Stealth


You had 5 spell levels left.
You didn't know any spells.
Your spell library contained the following spells:

 Spells                   Type           Power      Damage    Failure   Level
 Ozocubu's Armour         Ice            0%         N/A       87%         3
 Metabolic Englaciation   Hex/Ice        0%         N/A       100%        5
 Simulacrum               Ice/Necr       0%         N/A       100%        6


Dungeon Overview and Level Annotations

Branches:
Dungeon (6/15)
 Temple: D:4-7

Altars:
Gozag
Ru

Annotations:
D:3 2 transporters, Cecur's ghost, amateur OpEE
D:6 Edmund


Message History

You shoot an arrow.
The arrow barely misses the steam dragon.
The steam dragon breathes steam at you. The ball of steam misses you.
No target in view!
You shoot an arrow. The arrow hits the steam dragon.
The steam dragon is lightly wounded.
You shoot an arrow. The arrow hits the steam dragon!
The steam dragon is heavily wounded.
You shoot an arrow. The arrow hits the steam dragon.
The steam dragon is heavily wounded.
You shoot an arrow.
The arrow closely misses the steam dragon.
The steam dragon barely misses you. x2
You shoot an arrow.
The arrow closely misses the steam dragon.
The steam dragon bites you. The steam dragon claws you.
You shoot an arrow. The arrow hits the steam dragon!
The steam dragon is severely wounded.
The steam dragon breathes steam at you. The ball of steam hits you!!
The steam dragon bites you but does no damage.
The steam dragon claws you but does no damage.
Really walk into that cloud of steam? [Y]es or [N]o only, please.
Really walk into that cloud of steam?
Okay, then.
Really walk into that cloud of steam?
You are engulfed in a cloud of scalding steam.
* * * LOW HITPOINT WARNING * * *
The steam dragon breathes steam at you. The ball of steam hits you!
* * * LOW HITPOINT WARNING * * *
Shoot: a) +1 shortbow
Press: ? - help, Q - select action, (/) - cycle Shift-Dir - straight line, f/p - steam dragon
Aim: a steam dragon (steam, severely wounded, catching its breath, 66% to hit)
You shoot an arrow. The arrow hits the steam dragon.
The steam dragon is severely wounded.
The steam dragon bites you.
You die...

...##.####.......................
......# #......)............##..
#.#...#####...............#......
####.....#...............##...§§§
#..............#.......)#..§.##
###..##.#......##.......#..D..#
#..#####.....##.....###......
#.## #......#....##........ ...
#.##.@.#.##..#........ ##..
...###D..##)##........ ##..
....#§...##.#..D...... ..
#...§§§.....).####..#. ...
.#.#§§...###.#####..#.
#####.###.##.#.....
#.........#.##^ ......####......#
....... ##.....>


You could see a steam dragon (catching breath).

Vanquished Creatures
  3 orc priests
  4 orc wizards
  8 adders
  A white imp (D:5)
  A worm (D:2)
  A dart slug (D:2)
  6 orcs
  6 bats
  5 endoplasms
  2 giant cockroaches (D:2)
  11 hobgoblins
  3 jackals (D:1)
  6 kobolds
  A quokka (D:1)
  6 ball pythons
  3 frilled lizards (D:1)
  4 goblins
  3 rats
74 creatures vanquished.

Vanquished Creatures (others)
  2 plants (D:4)
2 creatures vanquished.

Grand Total: 76 creatures vanquished

Notes
Turn   | Place    | Note
-------+----------+-------------------------------------------
     0 | D:1      | zishaf the Human Hunter began the quest for the Orb.
     0 | D:1      | Reached XP level 1. HP: 16/16 MP: 1/1
    56 | D:1      | Reached XP level 2. HP: 18/22 MP: 2/2
   446 | D:1      | Found a faded altar of an unknown god.
   670 | D:1      | Reached XP level 3. HP: 28/28 MP: 3/3
   768 | D:2      | Reached skill level 1 in Armour
  1208 | D:2      | Reached XP level 4. HP: 20/34 MP: 4/4
  1830 | D:3      | Found a transporter.
  1847 | D:3      | Reached skill level 5 in Bows
  1847 | D:3      | Reached XP level 5. HP: 40/40 MP: 5/5
  2181 | D:3      | Found an opulent altar of Gozag.
  2188 | D:3      | Reached XP level 6. HP: 47/47 MP: 6/6
  2265 | D:3      | Found a transporter.
  2270 | D:3      | Noticed Cecur's ghost (amateur OpEE)
  2412 | D:3      | You fall into a shaft and drop 3 floors!
  2413 | D:6      | Noticed Edmund
  2459 | D:5      | Entered Level 5 of the Dungeon
  3094 | D:4      | Reached skill level 6 in Bows
  3502 | D:4      | Found a sacrificial altar of Ru.
  3731 | D:4      | Noticed a steam dragon
  3907 | D:4      | HP: 1/48 [steam dragon/ball of steam (9)]
  3910 | D:4      | Slain by a steam dragon

Illustrated notes

Levels and vault maps discovered:
D:1:      minmay_arrival_radiant_lines, layout_basic,
          dreamdust_ecumenical_altar_angels_and_demons
D:2:      minmay_angry_zag, layout_basic, minmay_splitting_lines
D:3:      layout_basic, mainiacjoe_overflow_paths, gammafunk_ghost_stat_death
D:4:      layout_cave_pools, mainiacjoe_overflow_tiny_flanked
D:5:      layout_cave_pods, gammafunk_temple_overflow_claw,
          ebering_ghost_reflecting_pool
D:6:      layout_basic, minmay_temple_entry_overgrown, centaur_isle,
          uniq_blork_the_orc, uniq_crazy_yiuf_cottage, uniq_edmund

Skill      XL: |  1  2  3  4  5  6 |
---------------+-------------------+-----
Armour         | 1 2 |  2.0
Bows           | 5 6 |  6.4
Fighting       | 3 |  3.9
Dodging        | |  2.0
Stealth        | |  1.0

Action                   |  1- 3 |  4- 6 || total
-------------------------+-------+-------++-------
 Fire: Shortbow          |   108 |   181 ||   289
  Use: Scroll            |       |     1 ||     1
Armor: Leather armour    |    17 |       ||    17
       Ring mail         |     1 |    39 ||    40
Dodge: Dodged            |    48 |    44 ||    92

Table legend: (Time is in decaauts)
 A = Elapsed time spent in this place.
 B = Non-inter-level travel time spent in this place.
 C = Inter-level travel time spent in this place.
 D = Time resting spent in this place.
 E = Time spent auto-exploring this place.
 F = Levels seen in this place.
 G = Mean time per level.
                   A        B        C        D        E       F      G
               +--------+--------+--------+--------+--------+-----+--------+
         Total |   4017 |   3831 |    186 |    830 |   2228 |   6 |  669.5 |
       Dungeon |   4017 |   3831 |    186 |    830 |   2228 |   6 |  669.5 |
               +--------+--------+--------+--------+--------+-----+--------+

Top non-repeatable levels by time:
     D:2: 1287 daAuts
     D:3: 1008 daAuts
     D:1: 766 daAuts
     D:4: 594 daAuts
     D:5: 313 daAuts
     D:6: 48 daAuts
